 Dungeon Crawl Stone Soup version 0.31.0-12-g77e489cdc1 (webtiles) character file.

Game seed: 6996198074380895801

2215 Silvore the Carver (level 9, -13/68 HPs)
             Began as a Demonspawn Fighter on Feb 15, 2024.
             Was an Initiate of Gozag.
             Killed from afar by Maggie (18 damage)
             ... with a bolt of fire
             ... on level 7 of the Dungeon.
             The game lasted 00:09:49 (6032 turns).

Silvore the Carver (Demonspawn Fighter)             Turns: 6032, Time: 00:09:49

Health: -13/68     AC: 12    Str: 26    XL:     9   Next: 13%
Magic:  9/9        EV:  9    Int: 10    God:    Gozag
Gold:   744        SH: 10    Dex: 12    Spells: 8/8 levels left

rFire   . . .        a - +1 long sword (flame)
rCold   . . .        c - +0 buckler
rNeg    . . .        h - +0 chain mail
rPois   .            (helmet restricted)
rElec   .            (no cloak)
rCorr   .            (no gloves)
SInv    .            n - +0 pair of boots
Will    .....        d - amulet of reflection Stlth
                     m - +6 ring of strength
HPRegen 0.31/turn    (no ring)
MPRegen 0.11/turn

%: reflection
@: gold aura
A: horns 2, icy blue scales 1, demonic guardian 2, condensation shield
a: Renounce Religion, Potion Petition, Call Merchant, Bribe Branch


You were on level 7 of the Dungeon.
You worshipped Gozag.
Gozag was pleased with you.
You visited 2 branches of the dungeon, and saw 8 of its levels.
You also visited: Ossuary.

You collected 1441 gold pieces.
You paid 697 gold pieces to Gozag.

Inventory:

Hand Weapons
 a - a +1 long sword of flaming (weapon)
Armour
 b - a +0 scale mail
 c - a +0 buckler (worn)
 h - a +0 chain mail (worn)
 n - a +0 pair of boots (worn)
Jewellery
 d - an amulet of reflection (around neck)
 m - a +6 ring of strength (left hand)
 t - an amulet of the acrobat
Scrolls
 o - a scroll of immolation
 p - a scroll of fear
Potions
 e - 6 potions of curing
 f - 3 potions of heal wounds
 g - 3 potions of degeneration
 i - a potion of lignification {unknown}
 j - a potion of ambrosia {unknown}
 k - 2 potions of enlightenment {unknown}
 l - 3 potions of attraction
 q - 3 potions of haste
 r - a potion of brilliance {unknown}


   Skills:
 + Level 5.1 Fighting
 + Level 8.3 Long Blades
 + Level 4.7 Armour
 + Level 2.4 Dodging
 + Level 0.2 Stealth
 + Level 5.1 Shields


You had 8 spell levels left.
You didn't know any spells.
Your spell library contained the following spells:

 Spells                   Type           Power      Damage    Failure   Level
 Apportation              Tloc           0%         N/A       91%         1
 Freeze                   Ice            0%         1d3       91%         1
 Sandblast                Erth           0%         2d4       91%         1
 Jinxbite                 Hex            0%         N/A       97%         2
 Call Canine Familiar     Summ           0%         N/A       99%         3
 Frozen Ramparts          Ice            0%         1d1       99%         3
 Hailstorm                Conj/Ice       0%         3d5       99%         3
 Passwall                 Erth           0%         N/A       99%         3
 Sigil of Binding         Hex            0%         N/A       99%         3
 Stone Arrow              Conj/Erth      0%         3d7       99%         3
 Brom's Barrelling Bould  Conj/Erth      0%         2d3       100%        4
 Dimensional Bullseye     Hex/Tloc       0%         N/A       100%        4
 Passage of Golubria      Tloc           0%         N/A       100%        4
 Alistair's Intoxication  Alch           0%         N/A       100%        5
 Silence                  Hex/Air        0%         N/A       100%        5
 Lehudib's Crystal Spear  Conj/Erth      0%         10d2      100%        8


Dungeon Overview and Level Annotations

Branches:
Dungeon (7/15)             Temple (1/1) D:5         Ossuary (visited)

Altars:
Ashenzari
Dithmenos
Fedhas
Gozag
Hepliaklqana
Kikubaaqudgha
Makhleb
Nemelex Xobeh
Okawaru
Qazlal
Ru
Sif Muna
Trog
Uskayaw
Vehumet
Wu Jian
Xom
Yredelemnul

Shops:
D:6 (

Annotations:
D:7 Maggie


Innate Abilities, Weirdness & Mutations

You have a pair of horns on your head.
You are partially covered in icy blue scales. (AC +2)
A demonic guardian rushes to your aid.
A meltable shield of frost defends you. (SH +0)


Message History

Maggie burns you.
You slash Maggie! You burn Maggie.
Maggie is moderately wounded.
The orc priest is no longer distracted by gold.
The orc is no longer distracted by gold.
Something hits you. Maggie hits you but does no damage.
You hit Maggie but do no damage. You headbutt Maggie.
Maggie is moderately wounded.
Something hits you.
The orc priest mumbles some strange prayers to Beogh against you.
Beogh smites you! Maggie barely misses you.
You hit Maggie. You burn Maggie. You headbutt Maggie.
Maggie is heavily wounded.
Something hits you but does no damage.
The orc priest mumbles some strange prayers to Beogh against you.
Beogh smites you!
Maggie hits you with a +2 long sword of flaming!
* * * LOW HITPOINT WARNING * * *
A demonic guardian appears!
Maggie burns you!
* * * LOW HITPOINT WARNING * * *
You barely miss Maggie. You headbutt Maggie.
Maggie is heavily wounded.
You hear some strange, mumbled words.
A puff of flame appears from out of thin air!
You block the puff of flame... and reflect it back!
The puff of flame hits something.
Maggie hits you with a +2 long sword of flaming.
* * * LOW HITPOINT WARNING * * *
Maggie burns you.
* * * LOW HITPOINT WARNING * * *
You swap places.
Something hits your ice devil but does no damage.
Your ice devil closely misses Maggie.
The orc priest is distracted by your dazzling golden aura.
Maggie gestures at you while chanting. The bolt of fire hits your ice devil!!
Your ice devil is burned terribly!
The bolt of fire hits you!!
You die...
Your body crumbles into a pile of gold.

###### #.[...
##+#### #.....
o......
#.....###{......
#.@4@o.(...
#.####.#### #<#
###


You could see Maggie (ally target), an orc priest (unaware) and a friendly ice
devil (summoned).

Vanquished Creatures
  Grinder (D:5)
  Menkaure (D:4)
  A centaur (D:6)
  A phantom (D:4)
  An elf zombie (Ossuary)
  2 bullfrogs (D:6)
  Blork the orc (D:5)
  A gnoll sergeant (D:5)
  A scorpion (D:5)
  3 wights (D:6)
  2 bombardier beetles (D:3)
  A centaur zombie (Ossuary)
  A hound (D:6)
  3 jellies
  A gnoll bouda (D:5)
  3 orc priests
  A sleepcap (D:6)
  3 human zombies (Ossuary)
  7 iguanas
  2 orc wizards
  5 hound zombies (Ossuary)
  3 mummies
  10 gnolls (D:5)
  6 adders
  A shadow imp (D:5)
  2 white imps
  4 ufetubi (D:6)
  5 adder zombies (Ossuary)
  A ribbon worm (D:2)
  5 dart slugs
  23 orcs
  9 ball pythons
  3 bats
  4 endoplasms
  5 giant cockroaches
  3 goblins
  10 hobgoblins
  3 jackals (D:1)
  10 quokkas
  3 frilled lizards
  9 gnoll zombies (Ossuary)
  A goblin zombie (D:5)
  3 jackal zombies (Ossuary)
  6 kobolds
  7 kobold zombies (Ossuary)
  3 orc zombies
  9 rats
190 creatures vanquished.

Vanquished Creatures (collateral kills)
  A gnoll (D:5)
  A white imp (D:6)
2 creatures vanquished.

Vanquished Creatures (others)
  A sky beast (D:6)
1 creature vanquished.

Grand Total: 193 creatures vanquished

Notes
Turn   | Place    | Note
-------+----------+-------------------------------------------
     0 | D:1      | Silvore the Demonspawn Fighter began the quest for the Orb.
     0 | D:1      | Reached XP level 1. HP: 18/18 MP: 1/1
   103 | D:1      | Gained mutation: You are partially covered in icy blue
                  | scales. (AC +2) [demonic ancestry]
   103 | D:1      | Reached XP level 2. HP: 14/24 MP: 2/2
   250 | D:1      | Reached skill level 2 in Long Blades
   390 | D:1      | Gained mutation: You have a pair of small horns on your
                  | head. [demonic ancestry]
   390 | D:1      | Reached XP level 3. HP: 29/29 MP: 3/3
  1245 | D:2      | Gained mutation: A meltable shield of frost defends you.
                  | (SH +0) [demonic ancestry]
  1245 | D:2      | Reached XP level 4. HP: 30/36 MP: 4/4
  2063 | D:3      | Reached skill level 3 in Long Blades
  2063 | D:3      | Reached skill level 1 in Dodging
  2232 | D:3      | Gained mutation: A weak demonic guardian rushes to your
                  | aid. [demonic ancestry]
  2232 | D:3      | Reached XP level 5. HP: 42/42 MP: 5/5
  2654 | D:3      | Identified a scroll of acquirement
  2654 | D:3      | Acquired 982 gold pieces
  2692 | D:4      | Noticed a phantom
  2718 | D:4      | Killed a phantom
  2719 | D:4      | Gained mutation: A demonic guardian rushes to your aid.
                  | [demonic ancestry]
  2719 | D:4      | Reached XP level 6. HP: 38/48 MP: 6/6
  2809 | D:4      | Found a burning altar of Makhleb.
  2867 | D:4      | Reached skill level 4 in Long Blades
  2940 | D:4      | Found a shimmering altar of Xom.
  3161 | D:4      | Found an ancient bone altar of Kikubaaqudgha.
  3161 | D:4      | Found a faded altar of an unknown god.
  3195 | D:4      | Found a hide-covered altar of Uskayaw.
  3198 | D:4      | Found a broken altar of Ashenzari.
  3204 | D:4      | Found a sparkling altar of Nemelex Xobeh.
  3286 | D:4      | Found a blossoming altar of Fedhas.
  3295 | D:4      | Noticed Menkaure
  3303 | D:4      | Killed Menkaure
  3304 | D:4      | Reached XP level 7. HP: 37/54 MP: 7/7
  3361 | D:4      | Found a sacrificial altar of Ru.
  3549 | D:5      | Entered Level 5 of the Dungeon
  3553 | D:5      | Reached skill level 5 in Long Blades
  3580 | D:5      | Found a sand-covered staircase.
  3592 | Ossuary  | Entered an ossuary
  3841 | Ossuary  | Reached skill level 6 in Long Blades
  3862 | Ossuary  | Gained mutation: You have a pair of horns on your head.
                  | [demonic ancestry]
  3862 | Ossuary  | Reached XP level 8. HP: 48/61 MP: 8/8
  4018 | D:5      | Noticed Blork the orc
  4019 | D:5      | Noticed Grinder
  4026 | D:5      | Killed Blork the orc
  4046 | D:5      | Paralysed by Grinder for 3 turns
  4052 | D:5      | Killed Grinder
  4166 | D:5      | Found a hazy altar of Hepliaklqana.
  4200 | D:5      | Reached skill level 7 in Long Blades
  4787 | D:5      | Found a staircase to the Ecumenical Temple.
  4796 | Temple   | Entered the Ecumenical Temple
  4860 | Temple   | Became a worshipper of Gozag Ym Sagoz the Greedy
  4986 | D:6      | Found an iron altar of Okawaru.
  5038 | D:6      | Reached skill level 5 in Fighting
  5204 | D:6      | Reached skill level 8 in Long Blades
  5210 | D:6      | Reached XP level 9. HP: 15/66 MP: 9/9
  5511 | D:6      | Reached skill level 5 in Shields
  6015 | D:7      | Noticed Maggie
  6032 | D:7      | Killed from afar by Maggie

Illustrated notes

Levels and vault maps discovered:
D:1:      onia_arrival_handbag, layout_rooms, serial_aquarium,
          aquarium_bridge_square [aquarium_subvault_window,
          aquarium_subvault_bridge, aquarium_subvault_bridge,
          aquarium_subvault_bridge], aquarium_bridge_island_small
          [aquarium_subvault_small_open, aquarium_subvault_bridge,
          aquarium_subvault_bridge, aquarium_subvault_wall,
          aquarium_subvault_wall], aquarium_window_corridor_1,
          aquarium_window_fake, aquarium_window_1, aquarium_view_2b
D:2:      layout_basic, kennysheep_doodads
D:3:      layout_loops_ring, kennysheep_another_room, grunt_ministairs_14,
          minmay_crystal_room
D:4:      layout_rooms, nicolae_overflow_crystal_walls,
          overflow_temple_1_default, mainiacjoe_overflow_large_starburst,
          chequers_temple_overflow_minitemple, minmay_quantized, uniq_menkaure
D:5:      layout_basic, nicolae_hepliaklqana_hippocampus,
          lemuel_temple_firewalk_a, nicolae_ossuary_entry_giza,
          pf_guarded_unrand_woodcutter, uniq_grinder, uniq_blork_the_orc
D:6:      layout_rooms, kennysheep_okawaru_gauntlet, hangedman_decor_opposing
D:7:      layout_basic, uniq_maggie
Temple:   jpeg_temple_alley_garden

Skill      XL: |  1  2  3  4  5  6  7  8  9 |
---------------+----------------------------+-----
Long Blades    | 2 3 4 6 8 |  8.3
Armour         | 3 4 |  4.7
Shields        | 3 4 5 |  5.1
Dodging        | 1 2 |  2.4
Fighting       | 4 5 |  5.1
Stealth        | |  0.2

Action                     |  1- 3 |  4- 6 |  7- 9 || total
---------------------------+-------+-------+-------++-------
  Melee: Long sword        |   159 |   148 |   355 ||   662
         Headbutt          |    12 |    25 |    78 ||   115
 Invoke: Call Merchant     |       |       |     1 ||     1
    Use: Scroll            |     2 |     4 |     9 ||    15
         Potion            |       |     1 |     1 ||     2
 Armour: Scale mail        |    28 |       |       ||    28
         Chain mail        |   114 |    86 |   161 ||   361
  Dodge: Dodged            |    84 |    31 |   109 ||   224
  Block: Buckler           |    49 |    69 |   238 ||   356
         Reflection        |       |       |     7 ||     7
